 Dungeon Crawl Stone Soup version 0.22.1-5-g62c59d919a (webtiles) character file.

9445 Vakeresan the Cleaver (level 11, -5/83 HPs)
             Began as a Demonspawn Gladiator on Jan 9, 2019.
             Was an Elder of Trog.
             Slain by an orc warrior
             ... wielding a +2 halberd of chopping
              (14 damage)
             ... on level 1 of the Orcish Mines on Jan 10, 2019.
             The game lasted 00:51:26 (14683 turns).

Vakeresan the Cleaver (Demonspawn Gladiator)       Turns: 14683, Time: 00:51:27

Health: -5/83      AC: 18    Str: 17    XL:     11   Next: 23%
Magic:  0/11       EV: 13    Int: 11    God:    Trog [****..]
Gold:   614        SH:  0    Dex: 12    Spells: 10/10 levels left

rFire    . . .     SeeInvis .   A - +1 war axe (freeze)
rCold    . . .     Gourm    .   (no shield)
rNeg     . . .     Faith    .   s - +2 ring mail
rPois    .         Spirit   +   (helmet restricted)
rElec    .         Reflect  .   r - +0 cloak
rCorr    +         Harm     .   (no gloves)
MR       .....                  (no boots)
Stlth    +.........             n - amulet of magic regeneration
HPRegen  0.23/turn              z - ring of resist corrosion
MPRegen  0.49/turn              (no ring)

@: lethally poisoned (-5 -> -15), sanguine armour, slowed, drained, very slow
A: antennae 1, claws 2, clumsy 1, magic shield, magic regeneration, sanguine
armour 2
a: Berserk, Trog's Hand, Brothers in Arms, Renounce Religion


You were on level 1 of the Orcish Mines.
You worshipped Trog.
Trog was greatly pleased with you.
You were hungry.

You visited 4 branches of the dungeon, and saw 13 of its levels.
You also visited: Sewer.

You collected 1067 gold pieces.
You spent 453 gold pieces at shops.

Inventory:

Hand Weapons
 a - a +1 war axe
 c - a +2 hand axe of pain
 m - a +1 broad axe
 A - a +1 war axe of freezing (weapon)
Missiles
 d - 3 throwing nets (quivered)
Armour
 r - a +0 cloak (worn)
 s - a +2 ring mail (worn)
Jewellery
 n - an amulet of magic regeneration (around neck)
 z - a ring of resist corrosion (left claw)
Wands
 y - a wand of paralysis (25)
Scrolls
 b - a scroll of summoning
 i - 4 scrolls of teleportation
 j - 4 scrolls of identify
 k - 2 scrolls of remove curse
 o - a scroll of fog
Potions
 e - a potion of magic {unknown}
 g - a potion of might
 h - a potion of curing
 l - a potion of brilliance
 p - 2 potions of flight
 q - a potion of cancellation {unknown}
 t - 2 potions of haste
 u - a potion of lignification {unknown}
 v - 3 potions of berserk rage
 x - 2 potions of agility
 B - a potion of heal wounds
Comestibles
 f - 11 rations


   Skills:
 + Level 6.8(6.6) Fighting
 * Level 12.6(12.3) Axes
 + Level 2.0(1.8) Throwing
 + Level 6.4(6.2) Armour
 + Level 5.2(5.0) Dodging
 - Level 1.4(1.2) Stealth


You had 10 spell levels left.
You didn't know any spells.
Your spell library was empty.

Dungeon Overview and Level Annotations

Branches:
Dungeon (9/15)             Temple (1/1) D:4             Orc (2/2) D:9
    Elf (1/3) Orc:2
   Lair: D:8-11

Altars:
Ashenzari
Cheibriados
Dithmenos
Hepliaklqana
Kikubaaqudgha
Makhleb
Nemelex Xobeh
Okawaru
Qazlal
Ru
Sif Muna
Trog
Uskayaw
Vehumet
Wu Jian
Xom
Yredelemnul
Zin
The Shining One
Beogh

Shops:
D:7 ?   D:8 (   Orc:2 *!

Annotations:
D:8 1 runed door, Gargoyl's ghost, novice CeAK
D:9 Erolcha
Orc:1 Sonja


Innate Abilities, Weirdness & Mutations

You have very sharp fingernails.
When hurt, damage is shared between your health and your magic reserves.
You regenerate magic rapidly.
When seriously injured, your bleeding wounds create thick armour. (AC +9)
You have a pair of small antennae on your head.
You are clumsy. (Dex -2)


Message History

The orc warrior hits you but does no damage.
The orc warrior closely misses you. The orc warrior barely misses you.
The orc wizard hits you but does no damage.
The orc barely misses you. The orc warrior misses you.
The orc hits you but does no damage.
You hear a distant blaring wail to the east.
You barely miss the orc warrior. You slash the orc! You freeze the orc.
You kill the orc!
Trog accepts your kill.
You barely miss the orc priest. You barely miss the orc warrior.
Your ring mail prevents you from hitting the orc wizard.
You hit the orc warrior. You freeze the orc warrior. You barely miss the orc.
You feel sick.
The orc warrior hits you but does no damage.
The orc wizard hits you but does no damage.
The orc priest calls down the wrath of Beogh upon you.
Beogh smites you!
* * * LOW HITPOINT WARNING * * *
The orc warrior hits you from afar with a halberd of chopping!
You die...

#...#. .. ## ...#.. ..###.#
#........... ...#...##
##........... ...............#
##............
...............................
...#o.....o....#..........$....
.......#.....ooo.#.............
.....oo...o.oo@$...............
....oo.......)oo.#....#.)>.....
......o....$o........#.........
.......>............#..........
.........(....[(...............
........#........#.............
#.......#.......##...#.........
.#...............##..##........
........#.....#..##..........##


You could see 4 orc warriors, 3 orc priests, an orc wizard and 2 orcs.

Vanquished Creatures
  An orc knight (Orc:2)
  3 orc sorcerers
  2 ice devils (Orc:2)
  A troll (Orc:2)
  A hornet (D:7)
  Prince Ribbit (D:6)
  A hippogriff (D:9)
  3 wyverns
  A steam dragon (D:7)
  A warg (Orc:2)
  11 orc warriors
  Purgy (Sewer)
  2 ice beasts
  4 sky beasts
  2 phantoms
  4 ogres
  4 centaurs
  A big kobold (D:8)
  Blork the orc (D:4)
  4 bullfrogs
  5 scorpions
  3 killer bees (D:8)
  9 wights
  5 crimson imps
  3 howler monkeys
  4 bullfrog zombies
  2 hounds
  11 orc priests
  5 bullfrog skeletons
  4 iguanas
  21 orc wizards
  Natasha (thrice) (D:2)
  6 worker ants
  3 hound skeletons
  Robin (D:6)
  A worker ant zombie (D:9)
  2 howler monkey skeletons
  7 adders
  A river rat (D:4)
  2 shadow imps
  2 oozes (D:2)
  An adder skeleton (D:5)
  5 worms
  2 dart slugs
  13 leopard geckos
  52 orcs
  9 giant cockroaches
  16 goblins
  15 hobgoblins
  21 jackals
  5 quokkas
  4 ball pythons
  11 bats
  7 frilled lizards
  A jackal skeleton (D:8)
  2 jackal zombies
  11 kobolds
  A leopard gecko skeleton (D:4)
  9 rats
  A butterfly (D:4)
335 creatures vanquished.

Notes
Turn   | Place    | Note
-------+----------+-------------------------------------------
     0 | D:1      | Vakeresan the Demonspawn Gladiator began the quest for the
                  | Orb.
     0 | D:1      | Reached XP level 1. HP: 16/16 MP: 1/1
   207 | D:1      | Gained mutation: When hurt, damage is shared between your
                  | health and your magic reserves. [demonic ancestry]
   207 | D:1      | Reached XP level 2. HP: 22/22 MP: 2/2
   374 | D:1      | Reached skill level 3 in Axes
   496 | D:1      | Gained mutation: You have sharp fingernails. [demonic
                  | ancestry]
   496 | D:1      | Reached XP level 3. HP: 27/28 MP: 3/3
  1011 | D:2      | Noticed Natasha
  1013 | D:2      | Killed Natasha
  1013 | D:2      | Reached skill level 1 in Armour
  1013 | D:2      | Gained mutation: When seriously injured, your bleeding
                  | wounds create armour. (AC +9) [demonic ancestry]
  1013 | D:2      | Reached XP level 4. HP: 32/34 MP: 4/4
  1457 | D:2      | Noticed Natasha
  1473 | D:2      | Killed Natasha
  1473 | D:2      | Reached skill level 4 in Axes
  1473 | D:2      | Reached XP level 5. HP: 24/39 MP: 3/5
  1715 | D:2      | Noticed Natasha
  1722 | D:2      | Killed Natasha
  2482 | D:3      | Reached skill level 1 in Stealth
  2885 | D:4      | Gained mutation: You regenerate magic rapidly. [demonic
                  | ancestry]
  2885 | D:4      | Reached XP level 6. HP: 45/46 MP: 6/6
  2888 | D:4      | Noticed Blork the orc
  2896 | D:4      | Noticed Robin
  2912 | D:4      | Killed Blork the orc
  2913 | D:4      | Reached skill level 5 in Axes
  3453 | D:4      | Found a glowing drain.
  3459 | Sewer    | Entered a sewer
  3481 | Sewer    | Noticed Purgy
  3503 | Sewer    | Killed Purgy
  3503 | Sewer    | Reached XP level 7. HP: 31/52 MP: 5/7
  4140 | D:4      | Found a staircase to the Ecumenical Temple.
  4154 | D:4      | Reached skill level 6 in Axes
  4161 | Temple   | Entered the Ecumenical Temple
  4258 | Temple   | Became a worshipper of Trog the Wrathful
  4570 | D:5      | Entered Level 5 of the Dungeon
  5017 | D:5      | Gained mutation: When seriously injured, your bleeding
                  | wounds create thick armour. (AC +9) [demonic ancestry]
  5017 | D:5      | Reached XP level 8. HP: 39/60 MP: 8/8
  5029 | D:5      | Reached * piety under Trog
  5235 | D:5      | Reached skill level 7 in Axes
  5330 | D:5      | Noticed Prince Ribbit
  5390 | D:6      | Killed Prince Ribbit
  6484 | D:6      | Found an ancient bone altar of Kikubaaqudgha.
  6502 | D:6      | Killed Robin
  6640 | D:6      | Reached skill level 8 in Axes
  6691 | D:6      | Reached skill level 5 in Fighting
  6987 | D:6      | Reached XP level 9. HP: 56/68 MP: 7/9
  7097 | D:7      | Paralysed by a hornet for 3 turns
  7112 | D:7      | Paralysed by a hornet for 1 turns
  7860 | D:7      | Gained mutation: You tend to lose your temper in combat.
                  | [potion of mutation]
  7860 | D:7      | Gained mutation: You are clumsy. (Dex -2) [potion of
                  | mutation]
  7860 | D:7      | Gained mutation: You are resistant to electric shocks.
                  | (rElec) [potion of mutation]
  7861 | D:7      | Lost mutation: You are clumsy. (Dex -2) [potion of
                  | mutation]
  7861 | D:7      | Lost mutation: You tend to lose your temper in combat.
                  | [potion of mutation]
  7861 | D:7      | Gained mutation: You have very sharp fingernails. [potion
                  | of mutation]
  7861 | D:7      | Gained mutation: Armour fits poorly on your strangely
                  | shaped body. [potion of mutation]
  7861 | D:7      | Gained mutation: You have a pair of small horns on your
                  | head. [potion of mutation]
  7862 | D:7      | Lost mutation: You have a pair of small horns on your head.
                  | [potion of mutation]
  7862 | D:7      | Lost mutation: Armour fits poorly on your strangely shaped
                  | body. [potion of mutation]
  7862 | D:7      | Lost mutation: You are resistant to electric shocks.
                  | (rElec) [potion of mutation]
  7862 | D:7      | Gained mutation: You have a pair of small antennae on your
                  | head. [potion of mutation]
  8197 | D:7      | Found Cef Kyn's Magic Scroll Shoppe.
  8207 | D:7      | Bought a scroll of enchant armour for 105 gold pieces
  8207 | D:7      | Bought a scroll of remove curse for 42 gold pieces
  8207 | D:7      | Bought a scroll of identify for 28 gold pieces
  8231 | D:7      | Reached skill level 9 in Axes
  8375 | D:7      | Reached skill level 5 in Armour
  8630 | D:7      | Paralysed by a hornet for 1 turns
  8979 | D:8      | Found Sisaos's Antique Weapon Shop.
  8990 | D:8      | Bought a runed hand axe for 138 gold pieces
  9189 | D:8      | Reached ** piety under Trog
  9231 | D:8      | Reached skill level 10 in Axes
  9577 | D:8      | Found a runed door.
  9577 | D:8      | Noticed Gargoyl's ghost (novice CeAK)
 10361 | D:9      | Mutation became permanent: You have sharp fingernails.
                  | [demonic ancestry]
 10361 | D:9      | Gained mutation: You have very sharp fingernails. [demonic
                  | ancestry]
 10361 | D:9      | Reached XP level 10. HP: 41/76 MP: 7/10
 11051 | D:9      | Reached *** piety under Trog
 11073 | D:9      | Reached skill level 11 in Axes
 11417 | D:9      | Found a staircase to the Orcish Mines.
 11582 | Orc:1    | Entered Level 1 of the Orcish Mines
 11631 | Orc:1    | Noticed an orc sorcerer
 11632 | Orc:1    | Noticed Erolcha
 11643 | Orc:1    | Gained mutation: You are clumsy. (Dex -2) [a neqoxec]
 11653 | D:9      | HP: 3/76 [Erolcha/giant spiked club (17)]
 12128 | Orc:1    | Paralysed by an orc sorcerer for 2 turns
 12134 | Orc:1    | Killed an orc sorcerer
 12472 | Orc:1    | Noticed an orc sorcerer
 12484 | Orc:1    | Killed an orc sorcerer
 12484 | Orc:1    | Reached skill level 5 in Dodging
 12840 | Orc:1    | Noticed Sonja
 12850 | Orc:2    | Entered Level 2 of the Orcish Mines
 12850 | Orc:2    | Found Zufruon's Distillery.
 12850 | Orc:2    | Found a roughly hewn altar of Beogh.
 13095 | Orc:2    | Bought a potion of heal wounds for 70 gold pieces
 13095 | Orc:2    | Bought a potion of heal wounds for 70 gold pieces
 13125 | Orc:2    | Found a staircase to the Elven Halls.
 13157 | Elf:1    | Entered Level 1 of the Elven Halls
 13157 | Elf:1    | Noticed a deep elf mage
 13157 | Elf:1    | Noticed a deep elf mage
 13157 | Elf:1    | Noticed a deep elf mage
 13157 | Elf:1    | Noticed a deep elf mage
 13347 | Orc:2    | Found a frozen archway.
 13366 | Orc:2    | Reached **** piety under Trog
 13366 | Orc:2    | Reached skill level 12 in Axes
 13709 | Orc:2    | Reached XP level 11. HP: 33/83 MP: 6/11
 14013 | Orc:2    | Found a roughly hewn altar of Beogh.
 14040 | Orc:2    | Noticed an orc knight
 14064 | Orc:2    | Killed an orc knight
 14071 | Orc:2    | Received a gift from Trog
 14222 | Orc:2    | Noticed an orc high priest
 14222 | Orc:2    | Noticed an orc sorcerer
 14243 | Orc:2    | Paralysed by an orc sorcerer for 3 turns
 14248 | Orc:2    | Killed an orc sorcerer
 14253 | Orc:2    | Noticed a soul eater
 14368 | Orc:2    | Found a roughly hewn altar of Beogh.
 14395 | Orc:2    | Found Robarask's General Store.
 14683 | Orc:1    | Slain by an orc warrior

Skill      XL: |  1  2  3  4  5  6  7  8  9 10 |
---------------+-------------------------------+-----
Throwing       | 2 |  2.0
Axes           | 3 4 5 6 8 10 12 | 12.6
Dodging        | 3 4 5 |  5.2
Armour         | 1 2 3 4 5 6 |  6.4
Stealth        | 1 |  1.4
Fighting       | 3 4 5 6 |  6.8

Action                   |  1- 3 |  4- 6 |  7- 9 | 10-12 || total
-------------------------+-------+-------+-------+-------++-------
Melee: War axe           |    94 |   273 |   494 |   310 ||  1171
       Broad axe         |       |       |    47 |    59 ||   106
Invok: Berserk           |       |       |     4 |     7 ||    11
       Trog's Hand       |       |       |       |     1 ||     1
  Use: Potion            |       |       |     8 |     4 ||    12
       Scroll            |       |       |    19 |     6 ||    25
 Stab: Sleeping          |     1 |     5 |       |     1 ||     7
       Distracted        |       |       |       |     1 ||     1
  Eat: Chunk             |       |     9 |    15 |     8 ||    32
       Ration            |       |       |     3 |     4 ||     7
Armor: Leather armour    |    32 |    20 |       |       ||    52
       Ring mail         |       |    71 |   196 |   136 ||   403
Dodge: Dodged            |    82 |   226 |   381 |   212 ||   901
